 Dungeon Crawl Stone Soup version 0.17-a0-989-gada8a91 (webtiles) character file.

1431 PhynixH2O the Skirmisher (level 8, -5/67 HPs)
             Began as a Demonspawn Abyssal Knight on May 12, 2015.
             Was a High Priest of Lugonu.
             Slain by a killer bee (7 damage)
             ... on level 7 of the Dungeon.
             The game lasted 00:58:45 (8073 turns).

PhynixH2O the Skirmisher (DsAK)                     Turns: 8073, Time: 00:58:46

Health: -5/67      AC: 23    Str: 14    XL:     8   Next: 45%
Magic:  9/9        EV:  4    Int: 14    God:    Lugonu [*****.]
Gold:   348        SH:  0    Dex: 11    Spells: 0 memorised, 7 levels left

rFire  . . .     SeeInvis .     r - +0 war axe
rCold  + . .     Clarity  .     t - +1 plate armour
rNeg   . . .     SustAb   +     (no shield)
rPois  .         Gourm    .     v - +0 helmet
rElec  .         Spirit   .     m - +0 cloak
rCorr  .         Warding  .     g - +0 pair of gloves
rMut   .         Stasis   .     o - +0 pair of boots
MR     .....                    i - amulet of faith
Stlth  ..........               (no ring)
                                u - ring of sustain abilities

@: lethally poisoned (-5 -> -7), not resistant to hostile enchantments,
extremely unstealthy
A: claws 1, rough black scales 2, cold resistance 1, freezing cloud immunity
a: Depart the Abyss, Bend Space, Banish, Corrupt, Enter the Abyss, Renounce
Religion


You were on level 7 of the Dungeon.
You worshipped Lugonu.
Lugonu was extremely pleased with you.
You were not hungry.

You visited 1 branch of the dungeon, and saw 7 of its levels.
You visited the Abyss 1 time.

You collected 393 gold pieces.
You spent 45 gold pieces at shops.

Inventory:

Hand weapons
 n - a +0 hand axe of electrocution
 r - a +0 war axe (weapon)
Missiles
 j - 7 tomahawks (quivered)
Armour
 g - a +0 pair of gloves (worn)
 m - a +0 cloak (worn)
 o - a +0 pair of boots (worn)
 t - a +1 plate armour (worn)
 v - a +0 helmet (worn)
Jewellery
 i - an amulet of faith (around neck)
 u - a ring of sustain abilities (left hand)
Magical devices
 h - a wand of random effects (27)
 l - a wand of flame (48)
 p - a wand of teleportation (3)
 w - a wand of fire (7)
 z - a wand of flame (10)
Scrolls
 a - 2 scrolls of identify
 d - a scroll of teleportation
Potions
 c - 2 potions of brilliance {unknown}
 x - a potion of mutation {unknown}
Books
 s - a book of Callings

   Spells                             Type                      Level
   a - Summon Small Mammal            Summoning                    1
   b - Call Imp                       Summoning                    2
   c - Call Canine Familiar           Summoning                    3
   d - Summon Guardian Golem          Hexes/Summoning              3
   e - Summon Lightning Spire         Summoning/Air                4
   f - Summon Ice Beast               Ice/Summoning                4
Comestibles
 b - a royal jelly
 f - a fruit
 k - a meat ration
 q - 5 bread rations
 A - a beef jerky
 C - a chunk of flesh


   Skills:
 - Level 7.0 Fighting
 - Level 6.3 Axes
 - Level 1.5 Throwing
 + Level 3.1 Armour
 * Level 3.1 Dodging
 + Level 2.4 Invocations


You had 7 spell levels left.
You didn't know any spells.

Dungeon Overview and Level Annotations

Branches:
Dungeon (7/15)             Temple (0/1) D:5

Altars:
Cheibriados
Okawaru
Sif Muna
Trog
Zin

Shops:
D:7 *

Annotations:
D:3 Ijyb


Innate Abilities, Weirdness & Mutations

You have sharp fingernails.
You are mostly covered in rough black scales (AC +7, Dex -2).
Your flesh is cold resistant.
You are immune to freezing clouds.


Message History

You hit the killer bee.
The killer bee is almost dead.
* * * LOW HITPOINT WARNING * * *
You feel sick.
The killer bee stings you but does no damage. x2
The killer bee barely misses you.
The killer bee stings you but does no damage.
The killer bee completely misses you.
The killer bee stings you but does no damage. x4
You closely miss the killer bee.
The killer bee is almost dead.
You closely miss the killer bee.
The killer bee is heavily wounded.
You hit the active ballistomycete.
The active ballistomycete is severely damaged.
You closely miss the killer bee.
You hit the killer bee but do no damage.
The killer bee stings you but does no damage. x2
The killer bee stings you!
You die...

##.......<... ##
........... #
#.#......# .
#.#......###..
#..............
#.....?.........
#.....y.........#
#..(.yyy.........## ##
#....y@...........####.
#....P..[..............
#.........#####........
#.....##### ##......#
#.....# ##...###
####....## #......
#.......# ##......
######..## ##.......
##..### ###.....###


You could see an active ballistomycete and 5 killer bees.

Vanquished Creatures
  Pikel (D:5)
  An orc warrior (D:7)
  2 ogres
  A necrophage (D:6)
  2 scorpions
  A hound (D:6)
  Crazy Yiuf (D:6)
  An iguana (D:6)
  An orc priest (D:7)
  An orc wizard (D:4)
  Jessica (D:5)
  4 worker ants
  A hound skeleton (D:4)
  A worker ant zombie (D:6)
  Robin (D:4)
  5 adders
  4 gnolls (D:6)
  2 river rats (D:3)
  An ooze (D:2)
  An adder skeleton (D:4)
  3 worms
  3 giant geckos
  12 orcs
  5 ball pythons
  A bat skeleton (D:4)
  A bat zombie (D:6)
  16 goblins
  10 hobgoblins
  10 jackals
  4 quokkas
  12 bats
  10 giant cockroaches
  4 giant newts
  A giant spore (D:7)
  10 kobolds
  A quokka skeleton (D:5)
  A quokka zombie (D:6)
  11 rats
  A ballistomycete (D:7)
149 creatures vanquished.

Vanquished Creatures (others)
  A worker ant zombie (D:5)
  A goblin (D:5)
  A jackal (D:5)
  2 giant spores (D:6)
  A ballistomycete (D:6)
6 creatures vanquished.

Grand Total: 155 creatures vanquished

Notes
Turn   | Place    | Note
--------------------------------------------------------------
     0 | Abyss:1  | PhynixH2O the Demonspawn Abyssal Knight began the quest for the Orb.
     0 | Abyss:1  | Reached XP level 1. HP: 18/18 MP: 2/2
    14 | Abyss:1  | Found a corrupted altar of Lugonu.
    46 | D:1      | Escaped the Abyss
    67 | D:1      | Reached skill level 1 in Dodging
   348 | D:1      | Gained mutation: You have sharp fingernails. [demonic ancestry]
   348 | D:1      | Reached XP level 2. HP: 20/24 MP: 3/3
   970 | D:1      | Acquired Lugonu's second power
  1350 | D:1      | HP: 1/24 [spatial distortion (4)]
  1351 | D:1      | Gained mutation: You are partially covered in rough black scales (AC +4, Dex -1). [demonic ancestry]
  1351 | D:1      | Reached XP level 3. HP: 1/29 MP: 2/4
  2556 | D:2      | Reached skill level 1 in Throwing
  2556 | D:2      | Gained mutation: You are mostly covered in rough black scales (AC +7, Dex -2). [demonic ancestry]
  2556 | D:2      | Reached XP level 4. HP: 35/35 MP: 5/5
  3198 | D:3      | Found a bloodstained altar of Trog.
  3388 | D:3      | Found an iron altar of Okawaru.
  3442 | D:3      | Found a snail-covered altar of Cheibriados.
  3491 | D:3      | Acquired Lugonu's third power
  3521 | D:3      | Noticed Ijyb
  3733 | D:3      | Reached XP level 5. HP: 41/41 MP: 6/6
  4137 | D:4      | Noticed an ogre
  4196 | D:2      | Killed an ogre
  4196 | D:2      | Reached skill level 4 in Fighting
  4598 | D:4      | Reached XP level 6. HP: 48/48 MP: 7/7
  5105 | D:4      | Found an iron altar of Okawaru.
  5283 | D:4      | Noticed an ogre
  5288 | D:4      | Killed an ogre
  5288 | D:4      | Reached skill level 5 in Fighting
  5439 | D:4      | Acquired Lugonu's fourth power
  5467 | D:4      | Noticed Robin
  5485 | D:4      | Killed Robin
  5678 | D:5      | Entered Level 5 of the Dungeon
  5678 | D:5      | Noticed Pikel
  5704 | D:5      | Killed Pikel
  5704 | D:5      | Reached skill level 6 in Fighting
  5704 | D:5      | Reached skill level 5 in Axes
  5704 | D:5      | Gained mutation: Your flesh is cold resistant. [demonic ancestry]
  5704 | D:5      | Reached XP level 7. HP: 35/59 MP: 8/8
  5846 | D:5      | Found a staircase to the Ecumenical Temple.
  6023 | D:5      | Gained mutation: You are immune to freezing clouds. [demonic ancestry]
  6023 | D:5      | Reached XP level 8. HP: 63/65 MP: 9/9
  6131 | D:5      | Noticed Jessica
  6201 | D:5      | Killed Jessica
  6238 | D:5      | Found a deep blue altar of Sif Muna.
  6472 | D:6      | Found a glowing silver altar of Zin.
  7199 | D:6      | Reached skill level 7 in Fighting
  7339 | D:6      | Noticed Crazy Yiuf
  7347 | D:6      | Killed Crazy Yiuf
  7419 | D:6      | Acquired Lugonu's fifth power
  8017 | D:7      | Found Iviy's General Store.
  8026 | D:7      | Bought a potion of curing for 45 gold pieces
  8071 | D:7      | HP: 3/67 [killer bee (1)]
  8073 | D:7      | Slain by a killer bee

Vault maps used:
D:1:      dpeg_arrival_ternary, serial_bayou_crossing
D:2:      first_bread
D:3:      nicolae_overflow_hidden_temple, cheibriados_altar_1,
          gup_sewer_entry_spiral, okawaru_gym_becter, uniq_iyjb
D:4:      lemuel_doored_altar, uniq_robin
D:5:      tgw_sif, minmay_temple_entry_grid, uniq_pikel
D:6:      nicolae_overflow_crystal_walls, uniq_crazy_yiuf_cottage
D:7:      minmay_temple_entry_glass, serial_shops, nicolae_shop_crystal,
          the_bakery, minmay_misc_feat_secret_circle, kennysheep_generic_room_16
Abyss:1:  lemuel_flamethrower_3

Action                   |  1- 3 |  4- 6 |  7- 9 || total
-------------------------+-------+-------+-------++-------
Melee: Hand axe          |   166 |   282 |    13 ||   461
       War axe           |       |       |   117 ||   117
Throw: Tomahawk          |       |    11 |    29 ||    40
Invok: Bend Space        |     1 |       |     1 ||     2
  Use: Potion            |       |     8 |     7 ||    15
       Scroll            |       |    10 |     2 ||    12
  Eat: Bread ration      |     1 |     1 |       ||     2
       Chunk             |     1 |     7 |     5 ||    13
       Fruit             |       |       |     3 ||     3
